 Dungeon Crawl Stone Soup version 0.32-a0-18-g89e19f1974 (webtiles) character file.

Game seed: 1939358069372769407

4542 pbupsy the Fighter (level 10, -34/92 HPs)
             Began as a Minotaur Berserker on Jan 17, 2024.
             Was an Elder of Trog.
             Annihilated by a boulder beetle (44 damage)
             ... on level 8 of the Dungeon.
             The game lasted 00:40:11 (7095 turns).

pbupsy the Fighter (Minotaur Berserker)             Turns: 7095, Time: 00:40:12

Health: -34/92     AC: 10    Str: 31    XL:     10   Next: 17%
Magic:  9/9        EV: 12    Int:  4    God:    Trog [****..]
Gold:   509        SH:  6    Dex: 10    Spells: 9/9 levels left

rFire   x . .        i - +5 war axe
rCold   + . .        w - +0 kite shield
rNeg    . . .        b - +0 ring mail of Restlessness {Str+5}
rPois   .            (helmet restricted)
rElec   .            (no cloak)
rCorr   +            d - +0 pair of gloves
SInv    .            k - +1 pair of boots
Will    .....        (no amulet) Stlth
                     j - ring of resist corrosion
HPRegen 0.35/turn    y - ring of ice
MPRegen 0.11/turn

%: no passive effects
@: no status effects
A: horns 2, retaliatory headbutt
a: Renounce Religion, Berserk, Trog's Hand, Brothers in Arms


You were on level 8 of the Dungeon.
You worshipped Trog.
Trog was greatly pleased with you.
You visited 1 branch of the dungeon, and saw 8 of its levels.
You also visited: Sewer.

You collected 509 gold pieces.

Inventory:

Hand Weapons
 i - a +5 war axe (weapon)
Armour
 b - the +0 ring mail of Restlessness (worn) {Str+5}
   (You found it on level 4 of the Dungeon)

   Str+5:     It affects your strength (+5).
 d - a +0 pair of gloves (worn)
 k - a +1 pair of boots (worn)
 w - a +0 kite shield (worn)
Jewellery
 a - an amulet of magic regeneration
 j - a ring of resist corrosion (left hand)
 p - a ring of see invisible
 r - an amulet of reflection
 x - a ring of willpower
 y - a ring of ice (right hand)
Wands
 e - a wand of flame (14)
 g - a wand of paralysis (3)
 q - a wand of iceblast (4)
Scrolls
 m - 3 scrolls of vulnerability {unknown}
 n - 2 scrolls of identify
 v - 3 scrolls of teleportation
Potions
 c - a potion of degeneration
 f - a potion of magic
 h - a potion of cancellation
 l - a potion of lignification {unknown}
 o - a potion of might
 s - a potion of heal wounds {unknown}


   Skills:
 + Level 9.7 Fighting
 + Level 9.7 Axes
 + Level 9.2 Armour
 + Level 8.5 Dodging


You had 9 spell levels left.
You didn't know any spells.
Your spell library was empty.

Dungeon Overview and Level Annotations

Branches:
Dungeon (8/15) Zot: 26534  Temple (0/1) D:4           Sewer (visited)
   Lair: D:8-11

Altars:
Nemelex Xobeh
Trog

Shops:
D:8 =(*

Annotations:
D:2 Sigmund


Innate Abilities, Weirdness & Mutations

You have a pair of horns on your head.
You reflexively headbutt those who attack you in melee.


Message History

The boulder beetle bites you but does no damage.
You hit the boulder beetle.
The boulder beetle is moderately wounded.
The boulder beetle leaps!
The boulder beetle curls into a ball and begins rolling!
The boulder beetle hits you!!!
The boulder beetle stops rolling and uncurls.
You slice the boulder beetle!! You headbutt the boulder beetle.
The boulder beetle is heavily wounded.
The boulder beetle bites you!!
* * * LOW HITPOINT WARNING * * *
You completely miss the boulder beetle.
You headbutt the boulder beetle, but do no damage.
The boulder beetle is heavily wounded.
The boulder beetle bites you!
* * * LOW HITPOINT WARNING * * *
You hit the boulder beetle but do no damage.
You headbutt the boulder beetle.
The boulder beetle is severely wounded.
The boulder beetle bites you.
* * * LOW HITPOINT WARNING * * *
You slash the boulder beetle!
The boulder beetle is severely wounded.
The boulder beetle bites you but does no damage.
You hit the boulder beetle but do no damage.
You headbutt the boulder beetle.
The boulder beetle is severely wounded.
The boulder beetle leaps!
A boulder beetle is nearby!
A boulder beetle is nearby!
A boulder beetle is nearby!
A boulder beetle is nearby!
There is an open door here.
The boulder beetle curls into a ball and begins rolling!
The boulder beetle hits you but does no damage.
The boulder beetle stops rolling and uncurls.
The boulder beetle waves its antennae.
The boulder beetle curls into a ball and begins rolling!
The boulder beetle hits you!!!
You die...

#.# #...##.)####.#... #.#
#.<####.##...#... #.#
#..####.)#.#.#... ##.##
#............#...
#####...###...#######'.#...
###..≈≈.#......####).⌠)#)#...
....≈∩≈.......##.##....#.....
####≈≈≈####.#.8...#._..#.#...
#### #.@[....#....#.##..
###B....#....#.# ..
#○8...#._..#.# .
#○##.##....#.# .
#.°####⌠.⌠.#.#
####...#######'.#
###.##............#
#..#........####.##
##.###.##...## #.#


You could see a boulder beetle (rolling).

Vanquished Creatures
  A two-headed ogre (D:5)
  Jeremiah (D:6)
  2 steam dragons (D:6)
  Menkaure (D:6)
  Duvessa (D:4)
  3 water moccasins
  An ice beast (D:8)
  2 sky beasts (D:7)
  A black bear (D:7)
  3 orc warriors (D:8)
  An ogre (D:5)
  A centaur (D:8)
  A phantom (D:5)
  A kobold brigand (D:6)
  2 brain worms (Sewer)
  4 bullfrogs
  A gnoll sergeant (D:7)
  3 scorpions
  5 wights (D:6)
  Dowan (D:4)
  3 bombardier beetles
  5 orc priests
  2 hounds (D:5)
  4 iguanas
  Natasha (twice) (D:2)
  4 sleepcaps
  3 orc wizards
  Robin (D:4)
  6 gnolls
  12 adders
  5 river rats
  A shadow imp (D:8)
  2 white imps (D:7)
  2 ufetubi (D:6)
  4 dart slugs
  21 orcs
  11 ball pythons
  3 bats (D:3)
  5 endoplasms
  3 giant cockroaches
  13 goblins
  10 hobgoblins
  3 jackals (D:1)
  9 kobolds
  3 quokkas
  12 frilled lizards
  16 rats
201 creatures vanquished.

Notes
Turn   | Place    | Note
-------+----------+-------------------------------------------
     0 | D:1      | pbupsy the Minotaur Berserker began the quest for the Orb.
     0 | D:1      | Reached XP level 1. HP: 19/19 MP: 0/0
   128 | D:1      | Reached XP level 2. HP: 27/27 MP: 1/1
   382 | D:1      | Reached ** piety under Trog
   437 | D:1      | Reached XP level 3. HP: 33/33 MP: 2/2
   648 | D:1      | Identified the +7 spear "Beastslayer" {freeze, ^Contam Fly
                  | Str+3}
   966 | D:2      | Noticed Natasha
   976 | D:2      | Killed Natasha
   998 | D:2      | Found a faded altar of an unknown god.
  1035 | D:2      | Reached XP level 4. HP: 41/41 MP: 3/3
  1169 | D:2      | Noticed Sigmund
  1245 | D:2      | Noticed Natasha
  1256 | D:2      | Killed Natasha
  1589 | D:3      | Reached XP level 5. HP: 43/47 MP: 4/4
  1935 | D:3      | Found a glowing drain.
  1958 | Sewer    | Entered a sewer
  1964 | Sewer    | Reached skill level 5 in Axes
  1982 | Sewer    | Reached skill level 5 in Fighting
  2013 | Sewer    | Reached XP level 6. HP: 56/56 MP: 2/5
  2105 | Sewer    | Reached *** piety under Trog
  2621 | D:4      | Noticed Duvessa
  2621 | D:4      | Noticed Dowan
  2631 | D:4      | Killed Duvessa
  2632 | D:4      | Reached skill level 5 in Armour
  2632 | D:4      | Reached XP level 7. HP: 62/62 MP: 6/6
  2634 | D:4      | Killed Dowan
  2924 | D:4      | Found a staircase to the Ecumenical Temple.
  3326 | D:4      | Identified the +0 ring mail of Restlessness {Str+5}
  3351 | D:4      | Noticed Robin
  3367 | D:4      | Killed Robin
  3720 | D:5      | Entered Level 5 of the Dungeon
  3810 | D:5      | Noticed a two-headed ogre
  3819 | D:5      | Killed a two-headed ogre
  3820 | D:5      | Reached skill level 5 in Dodging
  3820 | D:5      | Reached XP level 8. HP: 71/73 MP: 7/7
  4764 | D:6      | Noticed Menkaure
  5033 | D:6      | Reached XP level 9. HP: 81/81 MP: 8/8
  5038 | D:6      | Noticed Jeremiah
  5045 | D:6      | Killed Jeremiah
  5049 | D:6      | Killed Menkaure
  5990 | D:7      | Identified the +8 short sword of the Rat {flame, rF+ Will+}
  6061 | D:7      | Reached **** piety under Trog
  6676 | D:8      | Reached XP level 10. HP: 91/91 MP: 9/9
  6688 | D:8      | Found a bloodstained altar of Trog.
  6688 | D:8      | Found a sparkling altar of Nemelex Xobeh.
  6690 | D:8      | Paralysed by an orc wizard for 3 turns
  6692 | D:8      | Noticed a boulder beetle
  6947 | D:8      | Found Pues's Assorted Antiques.
  7008 | D:8      | Found Quhijahe's Jewellery Shoppe.
  7019 | D:8      | Found Sofret's Weapon Shop.
  7076 | D:8      | HP: 3/92 [boulder beetle (4)]
  7095 | D:8      | Annihilated by a boulder beetle

Illustrated notes

Levels and vault maps discovered:
D:1:      co_arrival_square_in_a_square_in_a_square, layout_basic, minivault_5,
          ebering_dispersal_statue_hall
D:2:      layout_basic, chequers_ecumenical_altar_simple_redux, minivault_5,
          uniq_sigmund, uniq_natasha
D:3:      layout_basic, portal_sewer_entry_b
D:4:      wad_lake_hut, layout_loops_corners, minmay_temple_entry_proselytizer,
          hex_tiny, minmay_misc_feat_chi, kennysheep_generic_room_7, uniq_robin,
          uniq_duvessa
D:5:      layout_rooms, interstate_on_off
D:6:      layout_loops_ring, uniq_jeremiah, uniq_menkaure
D:7:      layout_basic, kennysheep_generic_room_10
D:8:      layout_loops_ring, jmf_multi_god_temple, serial_shops,
          nicolae_shop_gibbet_a_chance, shop,
          nicolae_shop_temple_entry_statues_fountains,
          nicolae_shop_tiny_waterfront, nicolae_shop_bloodbath_and_beyond,
          st_stairs_4, chequers_serial_rivers_micro_d, grunt_ministairs_13

Skill      XL: |  1  2  3  4  5  6  7  8  9 |
---------------+----------------------------+-----
Axes           | 4 5 7 9 |  9.7
Fighting       | 4 5 7 9 |  9.7
Armour         | 3 4 5 6 7 9 |  9.2
Dodging        | 3 4 5 6 8 |  8.5

Action                     |  1- 3 |  4- 6 |  7- 9 | 10-12 || total
---------------------------+-------+-------+-------+-------++-------
  Melee: Hand axe          |    73 |   167 |   179 |       ||   419
         Headbutt          |     9 |    17 |    49 |    13 ||    88
         Punch             |     1 |     2 |     2 |       ||     5
         War axe           |       |       |    74 |    42 ||   116
 Invoke: Berserk           |     3 |     7 |     7 |     1 ||    18
    Use: Potion            |       |     3 |     9 |     3 ||    15
         Scroll            |       |       |     9 |     1 ||    10
 Armour: Animal skin       |    31 |       |       |       ||    31
         Ring mail         |    17 |   112 |   164 |    37 ||   330
         Scale mail        |       |     4 |    19 |       ||    23
  Dodge: Dodged            |    42 |    98 |   136 |    28 ||   304
  Block: Kite shield       |       |       |     1 |    12 ||    13

Table legend: (Time is in decaauts)
 A = Elapsed time spent in this place.
 B = Non-inter-level travel time spent in this place.
 C = Inter-level travel time spent in this place.
 D = Time resting spent in this place.
 E = Time spent auto-exploring this place.
 F = Levels seen in this place.
 G = Mean time per level.
                   A        B        C        D        E       F      G
               +--------+--------+--------+--------+--------+-----+--------+
         Total |   7389 |   7245 |    144 |   1311 |   3013 |   9 |  821.0 |
       Dungeon |   6936 |   6792 |    144 |   1311 |   3013 |   8 |  867.0 |
         Sewer |    452 |    452 |      0 |      0 |      0 |   1 |  452.0 |
               +--------+--------+--------+--------+--------+-----+--------+

Top non-repeatable levels by time:
     D:5: 1342 daAuts
     D:4: 1228 daAuts
     D:7: 862 daAuts
     D:1: 808 daAuts
     D:3: 786 daAuts
     D:6: 770 daAuts
     D:2: 674 daAuts
     D:8: 464 daAuts
   Sewer: 452 daAuts
